Map: Base du roi Sejong EC

Players

Fatality - Winner!

  • Race: Terran Terran
  • League: Master

Destiny

  • Race: Zerg Zerg
  • League: Diamond

VOD

Have the link to the VOD?

Description

Time

  • Played on: June 9, 2016, 11:01 a.m.
  • Length: 7:21
Show
View Real Time Build Order
Export as new Build Order

Fatality Terran - Winner!

Build Orders: Reaper Expand, MMM Bio 

Get SALT Encoding   

  12  0:01  SCV  
  13  0:13  Supply Depot  
  13  0:17  SCV  
  14  0:29  SCV  
  15  0:35  Barracks  
  15  0:41  Refinery  
  15  0:45  SCV  
  16  0:57  SCV  
  17  1:09  SCV  
  18  1:22  Orbital Command  
  18  1:23  Reaper  
  19  1:41  Command Center  
  19  1:48  SCV  
  20  1:55  Marine  
  20  1:59  Supply Depot  
  20  2:00  SCV  
  22  2:07  Barracks  
  22  2:18  Refinery  
  22  2:19  SCV  
  22  2:20  Barracks Reactor  
  23  2:31  SCV  
  24  2:43  SCV  
  25  2:55  SCV  
  26  2:59  Orbital Command  
  26  3:02  Marine  
  26  3:03  Barracks Tech Lab  
  26  3:04  Marine  
  28  3:08  Bunker, SCV  
  29  3:19  Factory  
  29  3:20  SCV, Marine  
  29  3:22  Marine  
  29  3:26  Stimpack  
  32  3:28  Marine  
  32  3:31  SCV  
  32  3:32  SCV  
  35  3:41  Marine x2  
  36  3:43  SCV  
  36  3:44  SCV  
  39  3:55  Supply Depot, SCV  
  39  3:56  SCV  
  39  3:57  Marine  
  39  3:58  Marine  
  39  4:01  Engineering Bay  
  43  4:02  Marine  
  43  4:07  Starport  
  43  4:08  SCV  
  43  4:09  Factory Reactor  
  45  4:15  Marine  
  45  4:16  Marine  
  47  4:18  SCV  
  47  4:20  SCV  
  48  4:25  Supply Depot  
  48  4:27  Supply Depot, Marine  
  48  4:30  SCV, Terran Infantry Weapons Level 1  
  50  4:33  SCV, Marine  
  50  4:34  Marine  
  53  4:42  SCV  
  54  4:46  SCV, Marine  
  54  4:51  Marine  
  54  4:52  Factory Tech Lab, Marine  
  58  4:53  Medivac x2  
  58  4:54  SCV  
  58  4:56  Barracks  
  63  5:01  SCV  
  63  5:04  Marine, Refinery x2  
  63  5:06  Supply Depot, SCV  
  66  5:09  Marine  
  66  5:11  Siege Tank  
  70  5:27  Medivac, SCV x2, Marine x3  
  77  5:33  Combat Shields  
  77  5:38  Supply Depot  
  77  5:39  SCV  
  77  5:40  Supply Depot  
  78  5:45  Barracks Reactor  
  78  5:56  Supply Depot  
  78  5:58  Supply Depot  
  78  5:59  Siege Tank, Medivac, Marine x3  
  78  6:00  SCV  
  68  6:17  Marine x3  
  67  6:27  Marine x2  
  66  6:35  Marine x3  
  66  6:36  Siege Tank, Medivac  
  72  6:54  Orbital Command  
  62  7:17  Supply Depot x2  
Show
View Real Time Build Order
Export as new Build Order

Destiny Zerg 

Build Orders: 3 Hatch before Pool, Zergling Baneling 

Get SALT Encoding   

  12  0:01  Drone  
  13  0:08  Drone  
  14  0:18  Overlord  
  14  0:46  Hatchery  
  13  1:07  Hatchery  
  12  1:24  Spawning Pool  
  11  1:26  Extractor  
  11  1:30  Drone  
  11  1:35  Drone  
  12  1:41  Drone  
  12  1:46  Drone  
  14  1:52  Drone  
  15  1:58  Drone  
  16  2:04  Drone  
  16  2:08  Drone  
  18  2:13  Drone  
  19  2:24  Extractor  
  19  2:29  Spine Crawler  
  17  2:31  Zergling x4  
  19  2:39  Queen  
  21  2:48  Drone x2  
  24  2:54  Zergling x6  
  27  3:05  Queen  
  29  3:10  Drone x2  
  31  3:23  Metabolic Boost  
  31  3:25  Queen  
  33  3:28  Drone  
  33  3:33  Overlord  
  34  3:43  Baneling Nest  
  34  3:44  Overlord  
  32  3:51  Drone x2  
  32  3:53  Drone  
  35  3:57  Drone  
  35  4:00  Drone  
  37  4:08  Drone x3  
  40  4:10  Drone  
  41  4:21  Drone x4  
  41  4:22  Drone  
  45  4:24  Drone  
  45  4:26  Drone  
  45  4:29  Drone  
  48  4:33  Drone  
  48  4:34  Drone  
  48  4:37  Overlord  
  50  4:40  Overlord  
  50  4:53  Baneling x10  
  50  4:56  Zergling x2  
  50  4:57  Zergling x8  
  50  4:59  Zergling x2  
  56  5:05  Zergling x8  
  60  5:07  Zergling x2  
  60  5:08  Zergling x2  
  60  5:10  Zergling x2  
  60  5:11  Zergling x2  
  64  5:15  Zergling x2, Spore Crawler  
  64  5:16  Zergling x2  
  65  5:23  Zergling x2  
  66  5:29  Overlord  
  66  5:30  Overlord  
  66  5:37  Spore Crawler  
  66  5:38  Overlord  
  66  5:40  Lair  
  65  5:42  Overlord  
  65  5:45  Drone  
  66  5:50  Extractor  
  66  5:52  Extractor, Drone x4  
  66  5:53  Drone x3  
  67  6:05  Zergling x16  
  74  6:11  Zergling x2  
  74  6:12  Zergling x6  
  74  6:15  Baneling  
  72  6:19  Zergling x6  
  74  6:26  Zergling x2  
  74  6:27  Zergling x4  
  74  6:32  Zergling x2  
  73  6:42  Zergling x4  
  68  6:48  Zergling x2  
  68  6:49  Zergling x6  
  68  6:53  Zergling x2  
  53  6:57  Zergling x2  
Tags
 
Add a new tag
Caveats
  • Supply blocks, unpowered buildings, or Contaminate may cause inaccurate times.
  • Supply counts are checked every 10 seconds.